 Dungeon Crawl Stone Soup version 0.28-a0-664-gc179e30c89 (webtiles) character file.

Game seed: 7839144373461019068

2730 frimble the Tainter (level 9, 0/60 (62) HPs)
             Began as an Octopode Venom Mage on Oct 16, 2021.
             Slain by a wight (16 damage)
             ... on level 9 of the Dungeon.
             The game lasted 00:12:46 (12131 turns).

frimble the Tainter (Octopode Venom Mage)          Turns: 12131, Time: 00:12:47

HP:   0/60 (62)     AC:  1    Str:  8    XL:     9   Next: 67%
MP:   13/13         EV: 17    Int: 20    God:
Gold: 47            SH:  8    Dex: 12    Spells: 7/14 levels left

rFire   + + .      SeeInvis .     - Unarmed
rCold   . . .      Faith    .   y - +3 buckler of Insecurity {rF++}
rNeg    . . .      Spirit   .   (helmet restricted)
rPois   .          Reflect  .   (no amulet)
rElec   .          Harm     .   f - +4 ring of evasion
rCorr   .          Rampage  .   (no ring)
Will    .....                   (no ring)
Stlth   ++++......              (no ring)
HPRegen 0.20/turn               (no ring)
MPRegen 0.13/turn               (no ring)
                                (no ring)
                                (no ring)

@: lightly drained
A: almost no armour, amphibious, 8 rings, camouflage 1, gelatinous body 1,
(nimble swimmer 1), tentacles
a: no special abilities


You were on level 9 of the Dungeon.
You visited 1 branch of the dungeon, and saw 9 of its levels.
You also visited: Ossuary.

You collected 311 gold pieces.
You spent 264 gold pieces at shops.

Inventory:

Hand Weapons
 j - a +3 trident of protection
Armour
 y - the +3 buckler of Insecurity (worn) {rF++}
   (You bought it in a shop on level 7 of the Dungeon)

   rF:        It greatly protects you from fire.
Jewellery
 f - a +4 ring of evasion (left tentacle)
Wands
 l - a wand of mindburst (3)
 q - a wand of flame (14)
 x - a wand of digging (11)
Scrolls
 c - a scroll of silence
 d - 2 scrolls of identify
 e - 3 scrolls of teleportation
 h - a scroll of vulnerability
 p - a scroll of enchant armour
 r - 4 scrolls of magic mapping
 v - a scroll of enchant weapon
Potions
 b - a potion of might
 g - a potion of haste
 i - a potion of invisibility
 k - a potion of curing
 m - a potion of brilliance
 n - a potion of ambrosia
 o - 3 potions of flight
 s - a potion of attraction {unknown}
 w - 5 potions of mutation {unknown}
 z - a potion of magic


   Skills:
 + Level 5.8 Fighting
 - Level 2.0 Dodging
 + Level 4.8 Stealth
 - Level 4.0 Shields
 + Level 5.0 Unarmed Combat
 - Level 3.2 Spellcasting
 - Level 1.0 Transmutations
 - Level 10.0 Poison Magic
 + Level 3.1 Evocations


You had 7 spell levels left.
You knew the following spells:

 Your Spells              Type           Power      Damage    Failure   Level
a - Sting                 Tmut/Pois      100%       1d8       1%          1
b - Passwall              Tmut/Erth      4%         N/A       17%         2
c - Olgreb's Toxic Radia  Pois           43%        N/A       2%          4

Your spell library contained the following spells:

 Spells                   Type           Power      Damage    Failure   Level
 Poisonous Vapours        Pois/Air       46%        N/A       2%          2
 Mephitic Cloud           Conj/Pois/Air  16%        N/A       11%         3
 Freeze                   Ice            12%        1d4       14%         1
 Slow                     Hex            3%         N/A       22%         2
 Portal Projectile        Hex/Tloc       6%         N/A       38%         3
 Swiftness                Air            3%         N/A       38%         3
 Fulminant Prism          Conj/Hex       1%         3d6       80%         4
 Invisibility             Hex            1%         N/A       100%        6


Dungeon Overview and Level Annotations

Branches:
Dungeon (9/15)             Temple (0/1) D:5         Ossuary (visited)
   Lair: D:8-11         Orc: D:9-12

Altars:
Elyvilon
Fedhas
Hepliaklqana
Nemelex Xobeh
Okawaru
Qazlal
Trog
Wu Jian
Yredelemnul
The Shining One

Shops:
D:4 *   D:7 *[[

Annotations:
D:5 exclusion: 2 vampire mosquitoes
D:7 3 runed translucent doors, Joseph; mdk's ghost, novice OpCj
D:8 Grum; Harold


Innate Abilities, Weirdness & Mutations

You cannot wear most types of armour.
You are amphibious.
You can wear up to eight rings at the same time.
Your skin changes colour to match your surroundings (Stealth+).
Your rubbery body absorbs attacks. (AC +1, EV +1)
((You are camouflaged near water. (Stealth+)))
You have tentacles for arms and can constrict up to eight enemies at once.


Message History

You tentacle-slap the wight.
You destroy the wight!
Your Unarmed Combat skill increases to level 5!
Your Evocations skill increases to level 3!
You closely miss the wight. Your grab misses the wight.
You block the wight's attack.
You barely miss the wight. Your grab misses the wight.
You tentacle-slap the wight. You grab the wight.
The wight is lightly damaged.
You constrict the wight, but do no damage.
You tentacle-slap the wight but do no damage.
You tentacle-slap the wight, but do no damage.
The wight is lightly damaged.
You constrict the wight, but do no damage.
The wight hits you with a +5 short sword!
You feel drained.
You tentacle-slap the wight.
The wight is moderately damaged.
You constrict the wight, but do no damage.
You block the wight's attack.
You tentacle-slap the wight.
The wight is heavily damaged.
You constrict the wight, but do no damage.
The wight closely misses you.
You tentacle-slap the wight but do no damage.
The wight is heavily damaged.
You constrict the wight.
The wight hits you with a +5 short sword!
* * * LOW HITPOINT WARNING * * *
You tentacle-slap the wight. You squeeze the wight.
The wight is almost destroyed.
You constrict the wight, but do no damage.
You block the wight's attack.
You tentacle-slap the wight.
You destroy the wight!
You tentacle-slap the wight but do no damage.
Your grab misses the wight. The wight closely misses you.
You completely miss the wight. Your grab misses the wight.
The wight hits you with a +4 war axe!
You die...

######## ..
#......# ...
#@.....##...
......z#..........
.......#..........
.......#..........
.......#..........
.......#..........
.......###..#####+
##########..##
#.....†..#


You could see a wight.

Vanquished Creatures
  A meliai zombie (D:6)
  2 wraiths (Ossuary)
  A water moccasin (D:6)
  A sky beast (D:7)
  An ice beast (D:7)
  2 ogres
  A centaur (D:9)
  2 phantoms
  A kobold brigand (D:7)
  3 bullfrogs
  Blork the orc (D:4)
  A water moccasin zombie (D:6)
  2 scorpions
  A howler monkey (D:9)
  5 wights
  3 centaur zombies (D:7)
  An orc priest (D:3)
  5 hounds
  5 jellies
  A bullfrog skeleton (D:7)
  Jessica (D:2)
  An iguana (D:6)
  4 orc wizards
  A hound skeleton (D:4)
  8 adders
  3 gnolls (D:4)
  A howler monkey skeleton (D:5)
  A white imp (D:6)
  An adder zombie (Ossuary)
  An adder skeleton (D:4)
  A worm (D:3)
  3 dart slugs (D:2)
  24 orcs
  5 bats
  8 endoplasms
  2 giant cockroaches
  5 goblins
  8 hobgoblins
  5 quokkas
  11 ball pythons
  A ball python skeleton (Ossuary)
  5 frilled lizards
  A hobgoblin zombie (Ossuary)
  13 kobolds
  2 kobold zombies (Ossuary)
  An orc skeleton (Ossuary)
  2 orc zombies (Ossuary)
  2 rats (D:2)
161 creatures vanquished.

Vanquished Creatures (others)
  A quokka (D:4)
1 creature vanquished.

Grand Total: 162 creatures vanquished

Notes
Turn   | Place    | Note
-------+----------+-------------------------------------------
     0 | D:1      | frimble the Octopode Venom Mage began the quest for the
                  | Orb.
     0 | D:1      | Reached XP level 1. HP: 11/11 MP: 3/3
   218 | D:1      | Reached skill level 4 in Poison Magic
   465 | D:1      | Found a faded altar of an unknown god.
   696 | D:1      | Reached XP level 2. HP: 17/17 MP: 5/5
   724 | D:1      | You fall into a shaft and drop 1 floor!
   821 | D:2      | Noticed Jessica
   833 | D:2      | Killed Jessica
   834 | D:2      | Reached skill level 5 in Poison Magic
   834 | D:2      | Reached XP level 3. HP: 5/21 MP: 0/6
  1091 | D:2      | Learned a level 2 spell: Passwall
  1262 | D:2      | Reached XP level 4. HP: 4/27 MP: 1/7
  1536 | D:2      | Learned a level 4 spell: Olgreb's Toxic Radiance
  1955 | D:2      | Reached skill level 6 in Poison Magic
  3213 | D:3      | Reached XP level 5. HP: 26/31 MP: 2/8
  3910 | D:3      | Found an ornate altar of the Wu Jian Council.
  4278 | D:3      | Reached skill level 7 in Poison Magic
  4552 | D:3      | Found a bloodstained altar of Trog.
  4555 | D:3      | Found a sparkling altar of Nemelex Xobeh.
  4558 | D:3      | Found a hazy altar of Hepliaklqana.
  4588 | D:3      | Found a stormy altar of Qazlal.
  4970 | D:4      | Found a blossoming altar of Fedhas.
  5148 | D:4      | Reached XP level 6. HP: 17/36 MP: 2/10
  5335 | D:4      | Found a white marble altar of Elyvilon.
  5534 | D:4      | Noticed Blork the orc
  5549 | D:4      | Reached skill level 1 in Fighting
  5550 | D:4      | Killed Blork the orc
  5551 | D:4      | Reached skill level 8 in Poison Magic
  5551 | D:4      | Reached XP level 7. HP: 33/45 MP: 3/11
  5673 | D:4      | Found Pumaex's Overcharged Wands.
  6283 | D:4      | Found a glowing golden altar of the Shining One.
  6299 | D:5      | Entered Level 5 of the Dungeon
  6377 | D:5      | Noticed a vampire mosquito
  6606 | D:5      | Reached skill level 1 in Unarmed Combat
  6796 | D:6      | Reached XP level 8. HP: 26/54 MP: 12/12
  7026 | D:6      | Reached skill level 9 in Poison Magic
  7265 | D:6      | Found an iron altar of Okawaru.
  8435 | D:5      | Found a staircase to the Ecumenical Temple.
  8555 | D:5      | Reached skill level 5 in Fighting
  8555 | D:5      | Reached skill level 1 in Evocations
  9016 | D:7      | Found Kestriha's Antique Armour Boutique.
  9020 | D:7      | Bought a smoking buckler for 180 gold pieces
  9020 | D:7      | Identified the +3 buckler of Insecurity {rF++} (You bought
                  | it in a shop on level 7 of the Dungeon)
  9106 | D:7      | Found a runed translucent gate.
  9106 | D:7      | Found a runed translucent gate.
  9106 | D:7      | Found a runed translucent gate.
  9106 | D:7      | Noticed mdk's ghost (novice OpCj)
  9108 | D:7      | Found a basalt altar of Yredelemnul.
  9119 | D:7      | Reached skill level 1 in Shields
  9238 | D:7      | Reached XP level 9. HP: 61/61 MP: 13/13
  9470 | D:7      | HP: 1/61 [ice beast (12)]
  9994 | D:7      | Found Jierphyi's Antique Armour Boutique.
 10523 | D:7      | Noticed Joseph
 10551 | D:7      | Found Uwkif's General Store.
 10554 | D:7      | Bought a scroll of magic mapping for 42 gold pieces
 10554 | D:7      | Bought a scroll of magic mapping for 42 gold pieces
 10694 | D:8      | Noticed Harold
 10694 | D:8      | Noticed a purple ugly thing
 10698 | D:8      | Found a sand-covered staircase.
 10701 | D:8      | Noticed Grum
 10705 | D:8      | Reached skill level 10 in Poison Magic
 10705 | Ossuary  | Entered an ossuary
 10713 | Ossuary  | Identified a scroll of acquirement
 10713 | Ossuary  | Acquired the Collected Works on the Captivating Glacier
 11183 | Ossuary  | HP: 1/61 [wraith (14)]
 12121 | D:9      | Reached skill level 5 in Unarmed Combat
 12131 | D:9      | Slain by a wight

Illustrated notes

Levels and vault maps discovered:
D:1:      dpeg_arrival_arbitrary_a, layout_basic,
          shapermc_ecumenical_altar_hornbeckon
D:2:      layout_loops_ring, minmay_joined_circles, uniq_jessica
D:3:      layout_loops_ring, grunt_temple_overflow_cloverleaf,
          pf_just_have_faith, guppyfry_early_orc_mine
D:4:      layout_cave_pods, elyvilon_altar_4, nicolae_overflow_hidden_temple,
          lemuel_doored_altar, kennysheep_decorative_pillar,
          nicolae_shop_overcharged_wands, uniq_blork_the_orc
D:5:      layout_loops_ring, minmay_temple_entry_grid
D:6:      layout_basic, kennysheep_okawaru_gauntlet
D:7:      layout_loops_corners, nicolae_yredelemnul_ghost_church, serial_shops,
          nicolae_inconvenience_store, kennysheep_mini_moat, shop, uniq_joseph
D:8:      layout_rooms, vehumet_statue, mainiacjoe_overflow_six_doors_small,
          erik_lair_orcish_takeover, gup_ossuary_entry_pyramid, special_room
          [special_room_orc], minmay_misc_feat_cross, hangedman_decor_points,
          minmay_fractal_squares_diagonal_5, uniq_harold, uniq_grum
D:9:      layout_gridville, nicolae_gozag_seed_capital, uniq_erolcha

Skill      XL: |  1  2  3  4  5  6  7  8  9 |
---------------+----------------------------+-----
Poison Magic   | 4 5 6 7 8 9 10 | 10.0
Spellcasting   | 3 |  3.2
Fighting       | 2 3 5 |  5.8
Unarmed Combat | 2 4 5 |  5.0
Evocations     | 1 3 |  3.1
Shields        | 2 4 |  4.0
Stealth        | 4 |  4.8
Dodging        | |  2.0
Transmutations | |  1.0

Action                   |  1- 3 |  4- 6 |  7- 9 || total
-------------------------+-------+-------+-------++-------
Melee: Unarmed           |    46 |   112 |    89 ||   247
       Constrict         |    14 |    22 |    32 ||    68
       Tentacles         |     5 |    18 |    30 ||    53
       Trident           |       |    15 |   192 ||   207
       Punch             |       |       |     8 ||     8
Throw: Throwing net      |       |       |     2 ||     2
 Cast: Sting             |    16 |    35 |     2 ||    53
       Olgreb's Toxic Ra |       |     9 |    11 ||    20
Evoke: Wand              |       |       |    17 ||    17
  Use: Potion            |     1 |     1 |     4 ||     6
       Scroll            |       |     6 |    13 ||    19
 Stab: Sleeping          |     3 |     9 |    24 ||    36
Armor: Skin              |    11 |    15 |    54 ||    80
Dodge: Dodged            |    49 |   126 |   216 ||   391
Block: Buckler           |       |       |    59 ||    59

Table legend: (Time is in decaauts)
 A = Elapsed time spent in this place.
 B = Non-inter-level travel time spent in this place.
 C = Inter-level travel time spent in this place.
 D = Time resting spent in this place.
 E = Time spent auto-exploring this place.
 F = Levels seen in this place.
 G = Mean time per level.
                   A        B        C        D        E       F      G
               +--------+--------+--------+--------+--------+-----+--------+
         Total |  12200 |  11647 |    553 |      4 |  10180 |  10 | 1220.0 |
       Dungeon |  11346 |  10793 |    553 |      4 |   9527 |   9 | 1260.7 |
       Ossuary |    853 |    853 |      0 |      0 |    653 |   1 |  853.0 |
               +--------+--------+--------+--------+--------+-----+--------+

Top non-repeatable levels by time:
     D:7: 2067 daAuts
     D:2: 1852 daAuts
     D:3: 1810 daAuts
     D:6: 1729 daAuts
     D:4: 1403 daAuts
     D:1: 1233 daAuts
     D:5: 1024 daAuts
 Ossuary: 853 daAuts
     D:9: 177 daAuts
     D:8: 48 daAuts
